 Dungeon Crawl Stone Soup version 0.23.2-1-ga50397a6bc (webtiles) character file.

Game seed: 17004153498211554605

591 Gargoyl the Skirmisher (level 7, -5/59 HPs)
             Began as a Centaur Abyssal Knight on May 14, 2019.
             Was a Priest of Lugonu.
             Slain by a gnoll
             ... wielding a +0 halberd
              (12 damage)
             ... on level 3 of the Dungeon.
             The game lasted 00:05:43 (4400 turns).

Gargoyl the Skirmisher (Centaur Abyssal Knight)     Turns: 4400, Time: 00:05:44

Health: -5/59      AC: 10    Str: 15    XL:     7   Next: 16%
Magic:  8/9        EV:  5    Int:  8    God:    Lugonu [***...]
Gold:   148        SH:  0    Dex: 10    Spells: 6/6 levels left

rFire    . . .     SeeInvis .   a - +2 hand axe
rCold    . . .     Gourm    .   (no shield)
rNeg     . . .     Faith    .   h - +0 chain mail
rPois    .         Spirit   .   p - +0 helmet
rElec    .         Reflect  .   (no cloak)
rCorr    .         Harm     .   j - +0 pair of gloves
MR       .....                  (no barding)
Stlth    ..........             (no amulet)
HPRegen  0.19/turn              e - +2 ring of slaying
MPRegen  0.11/turn              i - -3 ring of intelligence (curse)

@: about to teleport, glowing, very quick
A: large, hooves 3, deformed body, speed 2, tough skin 3
a: Depart the Abyss, Bend Space, Banish, Renounce Religion


You were on level 3 of the Dungeon.
You worshipped Lugonu.
Lugonu was most pleased with you.
You were hungry.

You visited 1 branch of the dungeon, and saw 3 of its levels.
You visited the Abyss 1 time.

You collected 148 gold pieces.

Inventory:

Hand Weapons
 a - a +2 hand axe (weapon)
Armour
 h - a +0 chain mail (worn)
 j - a +0 pair of gloves (worn)
 p - a +0 helmet (worn)
Jewellery
 e - a +2 ring of slaying (left hand)
 i - a cursed -3 ring of intelligence (right hand)
Wands
 g - a wand of flame (11)
 n - a wand of iceblast (10)
Scrolls
 k - a scroll of identify
 o - 2 scrolls of teleportation
Potions
 b - a potion of curing
 d - a potion of agility {unknown}
 f - 2 potions of flight {unknown}
 l - a potion of heal wounds {unknown}
 m - a potion of brilliance {unknown}
 q - a potion of degeneration {unknown}
Comestibles
 c - 6 rations


   Skills:
 + Level 4.2 Fighting
 + Level 3.6 Axes
 * Level 3.8 Armour
 * Level 1.9 Dodging
 * Level 3.5 Invocations
 + Level 0.1 Evocations


You had 6 spell levels left.
You didn't know any spells.
Your spell library was empty.

Dungeon Overview and Level Annotations

Branches:
Dungeon (3/15)

Altars:


Innate Abilities, Weirdness & Mutations

You have hooves in place of feet.
Armour fits poorly on your strangely shaped body.
You cover ground very quickly.
You have extremely tough skin. (AC +3)


Message History

The gnoll shaman hits you but does no damage.
The gnoll hits you but does no damage. x2
Unknown command.
You closely miss the gnoll. You hit the gnoll shaman. You hit the gnoll. x2
The gnoll hits you but does no damage.
The gnoll shaman hits you but does no damage.
The gnoll hits you but does no damage. The gnoll barely misses you.
The gnoll hits you with a +0 halberd!
* * * LOW HITPOINT WARNING * * *
Unknown command.
Okay, then.
Space bends around you!
You blink.
The gnoll shaman calls upon its god to heal the gnoll.
The gnoll's wounds heal themselves!
The gnoll hits you but does no damage.
The gnoll shouts!
You hear a shout!
As you read the scroll of teleportation, it crumbles to dust.
You feel strangely unstable. The gnoll hits you but does no damage.
The gnoll barely misses you.
The gnoll hits you from afar with a +0 halberd!
You die...

O.... #. ≈≈... #. ...# #.
#########'###### #.
.g....'....'.... #. #....# ^.#. #
#....# #'##
#############''''#############...
#...............@............#...
#≈≈≈≈≈≈≈≈≈≈≈≈....≈≈≈≈≈≈≈≈≈≈≈≈####
≈≈≈≈≈≈≈≈≈≈≈≈≈..gg≈≈≈≈≈≈≈≈≈≈≈≈≈≈≈≈
≈≈≈≈≈≈≈≈≈≈≈≈≈..gg≈≈≈≈≈≈≈≈≈≈≈≈≈≈≈≈
...............).................
#.........)..>.))####.....###....
########....)).<#####......##.###
##..<...#..........#......
####....#...##...#...###.


You could see a gnoll shaman and 3 gnolls.

Vanquished Creatures
  Sigmund (D:3)
  An ogre (D:2)
  A gnoll shaman (D:3)
  15 gnolls
  8 adders
  An ooze (D:2)
  3 worms
  2 dart slugs
  2 giant cockroaches
  6 goblins
  7 hobgoblins
  15 jackals
  5 kobolds
  3 quokkas
  A ball python (D:2)
  7 bats
  3 frilled lizards
  9 rats
90 creatures vanquished.

Notes
Turn   | Place    | Note
-------+----------+-------------------------------------------
     0 | Abyss:1  | Gargoyl the Centaur Abyssal Knight began the quest for the
                  | Orb.
     0 | Abyss:1  | Reached XP level 1. HP: 19/19 MP: 2/2
    30 | Abyss:1  | Noticed a fire dragon skeleton
    30 | Abyss:1  | Noticed a large abomination
    40 | Abyss:1  | Noticed a thrashing horror
    43 | D:1      | Escaped the Abyss
   507 | D:1      | Reached XP level 2. HP: 20/26 MP: 3/3
   813 | D:1      | Reached * piety under Lugonu
  1049 | D:2      | Reached skill level 1 in Dodging
  1065 | D:2      | Reached XP level 3. HP: 20/31 MP: 4/4
  1780 | D:2      | Reached XP level 4. HP: 38/39 MP: 5/5
  2203 | D:3      | Reached ** piety under Lugonu
  2673 | D:3      | Reached XP level 5. HP: 45/46 MP: 7/7
  2874 | D:3      | Noticed Sigmund
  3256 | D:3      | Killed Sigmund
  3256 | D:3      | Reached XP level 6. HP: 21/52 MP: 8/8
  3546 | D:3      | Reached skill level 4 in Fighting
  3764 | D:3      | Reached *** piety under Lugonu
  4119 | D:2      | Reached XP level 7. HP: 54/59 MP: 9/9
  4400 | D:3      | Slain by a gnoll

Skill      XL: |  1  2  3  4  5  6 |
---------------+-------------------+-----
Axes           | 2 3 |  3.6
Dodging        | 1 |  1.9
Armour         | 2 3 |  3.8
Invocations    | 3 |  3.5
Fighting       | 4 |  4.2
Evocations     | |  0.1

Action                   |  1- 3 |  4- 6 |  7- 9 || total
-------------------------+-------+-------+-------++-------
Melee: Hand axe          |    63 |   137 |    26 ||   226
       Kick              |     9 |    26 |     5 ||    40
Invok: Depart the Abyss  |     1 |       |       ||     1
       Bend Space        |       |     1 |     1 ||     2
Evoke: Wand              |       |     7 |       ||     7
  Use: Scroll            |     2 |     2 |     1 ||     5
       Potion            |       |     2 |       ||     2
  Eat: Chunk             |       |     5 |       ||     5
       Ration            |       |     1 |       ||     1
Armor: Leather armour    |     1 |       |       ||     1
       Chain mail        |    41 |    85 |    28 ||   154
Dodge: Dodged            |    13 |    41 |    17 ||    71
